Description

This replay comes from a Tournament: Aramani vs Zest.

This build order is the standard mass zergling.

VOD

https://youtu.be/6WTTkekW3KE

Replay - Armani v Zest - Submarine LE

Build Order

Get SALT Encoding   

  12  0:01  Drone  
  13  0:12  Overlord  
  13  0:17  Drone  
  14  0:31  Drone x2  
  16  0:44  Drone  
  17  0:52  Hatchery  
  17  0:55  Drone x2  
  17  1:00  Extractor  
  17  1:14  Spawning Pool  
  17  1:18  Drone x2  
  18  1:29  Drone  
  21  2:01  Zergling x2  
  22  2:03  Queen x2  
  22  2:04  Metabolic Boost  
  22  2:08  Zergling x2  
  27  2:18  Zergling x2  
  27  2:19  Overlord  
  28  2:38  Hatchery  
  28  2:40  Zergling x6  
  28  2:47  Zergling x6  
  33  2:54  Zergling x2  
  34  3:09  Overlord  
  35  3:41  Overlord  
  35  3:44  Spore Crawler x3  
Spawning Tool Build Advisor. Get it on Overwolf

Go to:

Details

  • Created by: zuka      
  • Published on: Jul 06, 2020
  • Patch: 4.11.0
  • Difficulty: Easy
Show
View Real Time Build Order
Export as new Build Order

Comments (2)

On Sept. 29, 2020, 7:26 p.m., XxinclinedxX  said:

If the person is going for sky toss you would have already attack him, And if he try’s to get your bace I would assume it would be a small army. So you can probably defend with queens.

On Sept. 19, 2020, 1:48 a.m., Alpakastarsc2  said:

Its a 50/50Chance to win...what will u do if the enemy is goinf for skytoss??

Create an account to comment!